PBL
SOUTHERN MARYLAND BLUE CRABS @ NIAGARA FALLS PHANTOMS
09/27/2049
 
TOP OF THE 1ST
Southern Maryland Blue Crabs batting - Pitching for Niagara Falls Phantoms : RHP Alex Sepulueda
Pitching: RHP Alex Sepulueda
Batting: RHB Josh Ludwig 0-0: Called Strike
0-1: Fly out, F8 (Flyball, 8LM, EV 93.8 MPH)
Batting: RHB Josh Kurth 0-0: Called Strike
0-1: Swinging Strike
0-2: Ball
1-2: Strikes out swinging
Batting: LHB Taylor Plummer 0-0: Foul Ball, location: 2F
0-1: Foul Ball, location: 2F
0-2: Ball
1-2: Foul Ball, location: 2F
1-2: Strikes out swinging
Top of the 1st over - 0 runs, 0 hits, 0 errors, 0 left on base; Southern Maryland 0 - Niagara Falls 0
BOTTOM OF THE 1ST
Niagara Falls Phantoms batting - Pitching for Southern Maryland Blue Crabs : RHP Eddie Garcia
Pitching: RHP Eddie Garcia
Batting: RHB Alfredo Mendez 0-0: Ball
1-0: Called Strike
1-1: Swinging Strike
1-2: Foul Ball, location: 2F
1-2: Strikes out swinging
Batting: LHB Pete Cook 0-0: Ball
1-0: Called Strike
1-1: Fly out, F9 (Flyball, 9D, EV 90.6 MPH)
Batting: RHB Chris Horton 0-0: Ball
1-0: Called Strike
1-1: Ball
2-1: Foul Ball, location: 2F
2-2: Foul Ball, location: 2F
2-2: SINGLE (Line Drive, 9LS, EV 103.8 MPH)
Batting: RHB Peter Frankel 0-0: Foul Ball, location: 2F
0-1: Swinging Strike
0-2: Strikes out looking
Bottom of the 1st over - 0 runs, 1 hit, 0 errors, 1 left on base; Southern Maryland 0 - Niagara Falls 0
TOP OF THE 2ND
Southern Maryland Blue Crabs batting - Pitching for Niagara Falls Phantoms : RHP Alex Sepulueda
Batting: RHB Oscar Chapa 0-0: Called Strike
0-1: Foul Ball, location: 2F
0-2: Foul Ball, location: 2F
0-2: Ball
1-2: Strikes out looking
Batting: RHB David Gomez 0-0: Ball
1-0: Foul Ball, location: 2F
1-1: Fly out, F7 (Flyball, 7, EV 80.0 MPH)
Batting: RHB Han Caspers 0-0: Called Strike
0-1: Ball
1-1: Foul Ball, location: 2F
1-2: Strikes out swinging
Top of the 2nd over - 0 runs, 0 hits, 0 errors, 0 left on base; Southern Maryland 0 - Niagara Falls 0
BOTTOM OF THE 2ND
Niagara Falls Phantoms batting - Pitching for Southern Maryland Blue Crabs : RHP Eddie Garcia
Batting: LHB Luis Ponce 0-0: Ball
1-0: Called Strike
1-1: Foul Ball, location: 2F
1-2: Foul Ball, location: 2F
1-2: Ball
2-2: Foul Ball, location: 2F
2-2: Foul Ball, location: 2F
2-2: Ball
3-2: Strikes out swinging, 2-3 out at first.
Batting: SHB Bruce Shelton 0-0: Ball
1-0: Foul Ball, location: 2F
1-1: Ground out U3 (Groundball, 3, EV 94.4 MPH)
Batting: RHB Randy Joyce 0-0: Ground out 1-3 (Groundball, 13S, EV 66.2 MPH)
Bottom of the 2nd over - 0 runs, 0 hits, 0 errors, 0 left on base; Southern Maryland 0 - Niagara Falls 0
TOP OF THE 3RD
Southern Maryland Blue Crabs batting - Pitching for Niagara Falls Phantoms : RHP Alex Sepulueda
Batting: RHB Andy Valenzuela 0-0: Swinging Strike
0-1: Foul Ball, location: 2F
0-2: Ball
1-2: Ball
2-2: Foul Ball, location: 2F
2-2: Strikes out swinging
Batting: RHB John Lowe 0-0: Foul Ball, location: 2F
0-1: Fly out, F8 (Flyball, 89M, EV 98.1 MPH)
Batting: RHB Adam Cooper 0-0: Ball
1-0: Called Strike
1-1: Foul Ball, location: 2F
1-2: Strikes out swinging
Top of the 3rd over - 0 runs, 0 hits, 0 errors, 0 left on base; Southern Maryland 0 - Niagara Falls 0
BOTTOM OF THE 3RD
Niagara Falls Phantoms batting - Pitching for Southern Maryland Blue Crabs : RHP Eddie Garcia
Batting: SHB Ramon Werman 0-0: Ball
1-0: Called Strike
1-1: Ball
2-1: DOUBLE (Line Drive, 8RXD, EV 100.6 MPH)
Batting: RHB Donald DeLisio 0-0: Ball
1-0: Ball
2-0: Ball
3-0: Called Strike
3-1: Foul Ball, location: 2F
3-2: Base on Balls
Batting: RHB Alfredo Mendez 0-0: Ball
1-0: SINGLE (Groundball, 56, EV 106.2 MPH) (infield hit)
Ramon Werman to third
Donald DeLisio to second
Batting: LHB Pete Cook 0-0: Swinging Strike
0-1: Swinging Strike
0-2: Ball
1-2: Fly out, F8 (Flyball, 8RM, EV 83.8 MPH)
Batting: RHB Chris Horton 0-0: Ball
1-0: Foul Ball, location: 2F
1-1: Foul Ball, location: 2F
1-2: Ball
2-2: Ball
3-2: Grounds into double play, 5-4-3 (Groundball, 5S, EV 88.1 MPH)
Bottom of the 3rd over - 0 runs, 2 hits, 0 errors, 2 left on base; Southern Maryland 0 - Niagara Falls 0
TOP OF THE 4TH
Southern Maryland Blue Crabs batting - Pitching for Niagara Falls Phantoms : RHP Alex Sepulueda
Batting: RHB Josh Ludwig 0-0: Fly out, F8 (Flyball, 8RD, EV 86.9 MPH)
Batting: RHB Josh Kurth 0-0: Ball
1-0: Ball
2-0: Swinging Strike
2-1: Foul Ball, location: 2F
2-2: Foul Ball, location: 2F
2-2: Strikes out looking
Batting: LHB Taylor Plummer 0-0: Ball
1-0: Ball
2-0: Fly out, F8 (Flyball, 8RS, EV 94.4 MPH)
Top of the 4th over - 0 runs, 0 hits, 0 errors, 0 left on base; Southern Maryland 0 - Niagara Falls 0
BOTTOM OF THE 4TH
Niagara Falls Phantoms batting - Pitching for Southern Maryland Blue Crabs : RHP Eddie Garcia
Batting: RHB Peter Frankel 0-0: Called Strike
0-1: Ground out 6-3 (Groundball, 6, EV 88.1 MPH)
Batting: LHB Luis Ponce 0-0: Foul Ball, location: 2F
0-1: Ball
1-1: Foul Ball, location: 2F
1-2: Foul Ball, location: 2F
1-2: Ball
2-2: Ball
3-2: Foul Ball, location: 2F
3-2: Strikes out swinging
Batting: SHB Bruce Shelton 0-0: SOLO HOME RUN (Flyball, 9D, EV 105.0 MPH), Distance : 403 ft
Batting: RHB Randy Joyce 0-0: Called Strike
0-1: Called Strike
0-2: Strikes out looking
Bottom of the 4th over - 1 run, 1 hit, 0 errors, 0 left on base; Southern Maryland 0 - Niagara Falls 1
TOP OF THE 5TH
Southern Maryland Blue Crabs batting - Pitching for Niagara Falls Phantoms : RHP Alex Sepulueda
Batting: RHB Oscar Chapa 0-0: Called Strike
0-1: Foul Ball, location: 2F
0-2: SINGLE (Groundball, 34S, EV 64.4 MPH) (infield hit)
Batting: RHB David Gomez 0-0: Ball
1-0: Fly out, F8 (Flyball, 8RD, EV 98.1 MPH)
Batting: RHB Han Caspers 0-0: Called Strike
0-1: Foul Ball, location: 2F
0-2: Ball
Wild Pitch!
Oscar Chapa to second
1-2: SINGLE (Groundball, 4MS, EV 69.4 MPH) (infield hit)
Oscar Chapa to third
Batting: RHB Andy Valenzuela 0-0: Foul Ball, location: 2F
0-1: Ball
1-1: Called Strike
1-2: Strikes out looking
Batting: RHB John Lowe 0-0: Fly out, F9 (Flyball, 9D, EV 78.8 MPH)
Top of the 5th over - 0 runs, 2 hits, 0 errors, 2 left on base; Southern Maryland 0 - Niagara Falls 1
BOTTOM OF THE 5TH
Niagara Falls Phantoms batting - Pitching for Southern Maryland Blue Crabs : RHP Eddie Garcia
Batting: SHB Ramon Werman 0-0: Ball
1-0: Swinging Strike
1-1: Foul Ball, location: 2F
1-2: Ball
2-2: Fly out, F8 (Flyball, 8RD, EV 91.9 MPH)
Batting: RHB Donald DeLisio 0-0: Called Strike
0-1: Foul Ball, location: 2F
0-2: Ball
1-2: Ball
2-2: Ball
3-2: Strikes out swinging
Batting: RHB Alfredo Mendez 0-0: Called Strike
0-1: Called Strike
0-2: Ground out U3 (Groundball, 3, EV 106.2 MPH)
Bottom of the 5th over - 0 runs, 0 hits, 0 errors, 0 left on base; Southern Maryland 0 - Niagara Falls 1
TOP OF THE 6TH
Southern Maryland Blue Crabs batting - Pitching for Niagara Falls Phantoms : RHP Alex Sepulueda
Batting: RHB Adam Cooper 0-0: Called Strike
0-1: Foul Ball, location: 2F
0-2: Ball
1-2: Ball
2-2: Fly out, F7 (Flyball, 78D, EV 100.0 MPH)
Batting: RHB Josh Ludwig 0-0: SOLO HOME RUN (Flyball, 8LXD, EV 115.6 MPH), Distance : 455 ft
Batting: RHB Josh Kurth 0-0: Ball
1-0: Called Strike
1-1: Ball
2-1: Called Strike
2-2: Ball
3-2: Foul Ball, location: 2F
3-2: Foul Ball, location: 2F
3-2: Foul Ball, location: 2F
3-2: Foul Ball, location: 2F
3-2: Ground out U3 (Groundball, 34, EV 85.6 MPH)
Batting: LHB Taylor Plummer 0-0: Ground out 5-3 (Groundball, 5, EV 77.5 MPH)
Top of the 6th over - 1 run, 1 hit, 0 errors, 0 left on base; Southern Maryland 1 - Niagara Falls 1
BOTTOM OF THE 6TH
Niagara Falls Phantoms batting - Pitching for Southern Maryland Blue Crabs : RHP Eddie Garcia
Batting: LHB Pete Cook 0-0: Ball
1-0: SOLO HOME RUN (Flyball, 9D, EV 95.6 MPH), Distance : 383 ft
Pitching: RHP Ju-wei Chi
Batting: RHB Chris Horton 0-0: Ball
1-0: Ball
2-0: Swinging Strike
2-1: Foul Ball, location: 2F
2-2: Strikes out swinging
Batting: RHB Peter Frankel 0-0: Ground out 6-3 (Groundball, 6, EV 111.9 MPH)
Batting: LHB Luis Ponce 0-0: Ball
1-0: Called Strike
1-1: Fly out, F8 (Flyball, 8RM, EV 88.8 MPH)
Bottom of the 6th over - 1 run, 1 hit, 0 errors, 0 left on base; Southern Maryland 1 - Niagara Falls 2
TOP OF THE 7TH
Southern Maryland Blue Crabs batting - Pitching for Niagara Falls Phantoms : RHP Alex Sepulueda
Batting: RHB Oscar Chapa 0-0: DOUBLE (Line Drive, 5D, EV 100.0 MPH)
Batting: RHB David Gomez 0-0: Called Strike
0-1: Ball
1-1: Foul Ball, location: 2F
1-2: Strikes out swinging
Batting: RHB Han Caspers 0-0: Ball
1-0: Foul Ball, location: 2F
1-1: Ball
2-1: SINGLE (Groundball, 56S, EV 72.5 MPH) (infield hit)
Oscar Chapa to third
Pinch Hitting: LHB Sam Hontz 0-0: Ball
1-0: Called Strike
1-1: Called Strike
1-2: Foul Ball, location: 2F
1-2: Strikes out swinging
Pinch Hitting: LHB Bob Neale 0-0: Ball
1-0: Foul Ball, location: 2F
1-1: Ground out 4-3 (Groundball, 4, EV 80.6 MPH)
Top of the 7th over - 0 runs, 2 hits, 0 errors, 2 left on base; Southern Maryland 1 - Niagara Falls 2
BOTTOM OF THE 7TH
Niagara Falls Phantoms batting - Pitching for Southern Maryland Blue Crabs : RHP Ju-wei Chi
Now at SS: Sam Hontz
Now in RF: Tyler Hawkins
Batting: SHB Bruce Shelton 0-0: Ball
1-0: Swinging Strike
1-1: Ball
2-1: Ball
3-1: SINGLE (Groundball, 4MD, EV 94.4 MPH)
Pinch Hitting: RHB Ben Underwood 0-0: Ball
1-0: SINGLE (Line Drive, 89S, EV 98.1 MPH)
Bruce Shelton to second
Batting: SHB Ramon Werman 0-0: Fly out, F8 (Flyball, 89XD, EV 98.1 MPH)
Runner from 2nd tags up, SAFE at 3rd, no throw by CF
Batting: RHB Todd Wolters 0-0: Swinging Strike
0-1: Called Strike
0-2: Strikes out looking
Batting: RHB Alfredo Mendez 0-0: Foul Ball, location: 2F
0-1: Called Strike
0-2: Ball
1-2: Foul Ball, location: 2F
1-2: Ball
2-2: Strikes out swinging
Bottom of the 7th over - 0 runs, 2 hits, 0 errors, 2 left on base; Southern Maryland 1 - Niagara Falls 2
TOP OF THE 8TH
Southern Maryland Blue Crabs batting - Pitching for Niagara Falls Phantoms : RHP Alex Sepulueda
Now at 1B: Ben Underwood
Pinch Hitting: RHB Sam Parra 0-0: Called Strike
0-1: Ball
1-1: Called Strike
1-2: Strikes out swinging
Batting: RHB Josh Ludwig 0-0: Ball
1-0: Ground out 4-3 (Groundball, 4, EV 85.6 MPH)
Batting: RHB Josh Kurth 0-0: Ball
1-0: Ball
2-0: Ball
3-0: Called Strike
3-1: Called Strike
3-2: Strikes out swinging
Top of the 8th over - 0 runs, 0 hits, 0 errors, 0 left on base; Southern Maryland 1 - Niagara Falls 2
BOTTOM OF THE 8TH
Niagara Falls Phantoms batting - Pitching for Southern Maryland Blue Crabs : RHP Ju-wei Chi
Now at 1B: Mike King
Batting: LHB Pete Cook 0-0: Called Strike
0-1: Fly out, F4 (Popup, 34D, EV 69.4 MPH)
Batting: RHB Chris Horton 0-0: Ball
1-0: Ball
2-0: Called Strike
2-1: Ball
3-1: Fly out, F4 (Popup, 34D, EV 44.4 MPH)
Batting: RHB Peter Frankel 0-0: Ball
1-0: Ground out 6-3 (Groundball, 6M, EV 106.9 MPH)
Bottom of the 8th over - 0 runs, 0 hits, 0 errors, 0 left on base; Southern Maryland 1 - Niagara Falls 2
TOP OF THE 9TH
Southern Maryland Blue Crabs batting - Pitching for Niagara Falls Phantoms : RHP Alex Sepulueda
Pitching: RHP Ronnie Seymour
Now in RF: Tatsuro Hamasaki
Batting: LHB Taylor Plummer 0-0: Ball
1-0: Ball
2-0: Ball
3-0: Called Strike
3-1: Base on Balls
Batting: RHB Oscar Chapa 0-0: Ball
1-0: Called Strike
1-1: Swinging Strike
1-2: Fly out, F8 (Flyball, 8RM, EV 94.4 MPH)
Batting: RHB David Gomez 0-0: Foul Ball, location: 2F
0-1: Called Strike
0-2: Foul Ball, location: 2F
0-2: Ball
1-2: Strikes out looking
Batting: RHB Han Caspers 0-0: Called Strike
0-1: Ground out 6-3 (Groundball, 6S, EV 88.8 MPH)
Top of the 9th over - 0 runs, 0 hits, 0 errors, 1 left on base; Southern Maryland 1 - Niagara Falls 2
Sunday, July 16th , 2023 - OOTP Baseball 24.6 Build 69